AoeStats
← おに惨

Pilgrims

510251116Analyzed
4v4 RM · 23h ago on Sep 30, 2026· 22m 57s· 8 players
Game mode
Random Map
Map size
Large (8 player)
Population
200
Speed
Normal
Resources
Standard
Victory
Conquest
Starting age
Dark Age
Ending age
Imperial Age
RankedLock teamsTeams togetherTeam positionsShared explorationLock speedFull tech treeHidden civsTurbo modeCheats
Victory
Defeat
🇺🇸 Danes · United States
641
+8
🇦🇷 Franks · Argentina
618
+8
🇵🇪 Varangians · Peru
553
+11
🇨🇳 Celts · China
397
+16
🇺🇸 Wei · United States
462
-12
🇻🇪 Portuguese · Venezuela
429
-11
🇺🇸 Spanish · United States
421
-10
🇺🇸 Romans · United States
412
-10
Kukki1160
9:20 Feudal Age
7:40 Loom
11:01 Wheelbarrow
10:13 Town Watch
10:59 Double-Bit Axe
12:24 Horse Collar
20:57 Gold Mining
21:02 Stone Mining
EPYON182
10:40 Loom
18:05 Feudal Age
ruskihitman1
bluismer
22:38 Feudal Age
isthisthingon
16:28 Feudal Age
21:09 Castle Age
20:49 Horse Collar
21:36 Gold Mining
22:16 Double-Bit Axe
23:04 Medium Warships
lycandros
12:42 Loom
16:28 Feudal Age
18:22 Man-at-Arms
19:52 Gold Mining
19:57 Stone Mining
19:59 Double-Bit Axe
HELLsing
10:37 Feudal Age
9:34 Loom
11:53 Wheelbarrow
10:56 Man-at-Arms
13:53 Double-Bit Axe
23:08 Castle Age
おに惨
21:02 Feudal Age
Connection lost

Rejoining the realm…

Still unreachable

The connection could not be restored.

Session expired

The server has moved on; the page needs a fresh start.